[Event "SixDays Budapest IM-B January 2024"]
[Site "Budapest"]
[Date "2024.02.01"]
[Round "9.1"]
[White "Kolimar, Kristof Pal"]
[Black "Sgircea, Silvia-Raluca"]
[Result "1/2-1/2"]
[ECO "B38"]
[WhiteElo "2304"]
[BlackElo "2242"]
[Annotator "ChessBase"]
[PlyCount "70"]
[EventDate "2024.01.26"]
[EventType "tourn"]
[EventCountry "HUN"]
[SourceTitle "playchess.com"]
[Source "ChessBase"]
[SourceQuality "1"]
[TimeControl "5400+30"]

1. Nf3 c5 2. c4 g6 3. d4 cxd4 4. Nxd4 Nc6 5. e4 Bg7 6. Be3 Nf6 7. Nc3 d6 8. Be2 O-O 9. O-O Bd7 10. f3 Nxd4 11. Bxd4 a5 12. b3 Bc6 13. Qd2 Nd7 14. Bf2 Nc5 15. Rab1 Be5 16. Rfd1 e6 17. Nb5 Bxb5 18. cxb5 Qe7 19. Qe3 Qf6 20. g3 g5 21. Kh1 Rfd8 22. b6 h6 23. Rbc1 Bb2 24. Rc2 Ba3 25. f4 e5 26. fxg5 Qxg5 27. Qf3 Qg6 28. Bc4 Qxe4 29. Bxf7+ Kg7 30. Qxe4 Nxe4 31. Bd5 Nxf2+ 32. Rxf2 Rf8 33. Rdf1 Rxf2 34. Rxf2 Rf8 35. Rxf8 Kxf8 1/2-1/2

[Event "SixDays Budapest IM-B January 2024"]
[Site "Budapest"]
[Date "2024.02.01"]
[Round "9.2"]
[White "Semprun Martinez, Fernando"]
[Black "Nemeth, Zoltan"]
[Result "1/2-1/2"]
[ECO "D20"]
[WhiteElo "2071"]
[BlackElo "2194"]
[Annotator "ChessBase"]
[PlyCount "75"]
[EventDate "2024.01.26"]
[EventType "tourn"]
[EventCountry "HUN"]
[SourceTitle "playchess.com"]
[Source "ChessBase"]
[SourceQuality "1"]
[TimeControl "5400+30"]

1. d4 d5 2. c4 dxc4 3. e4 c5 4. d5 e6 5. Bxc4 Nf6 6. Nc3 exd5 7. Nxd5 Nxd5 8. Bxd5 Be7 9. Ne2 O-O 10. O-O Nd7 11. Bf4 Nf6 12. Nc3 Qb6 13. e5 Nxd5 14. Nxd5 Qd8 15. e6 Bxe6 16. Nxe7+ Qxe7 17. Bd6 Qd7 18. Bxf8 Qxd1 19. Rfxd1 Kxf8 20. Rac1 b6 21. a3 Ke7 22. f3 Rc8 23. Kf2 b5 24. Ke3 a5 25. b4 axb4 26. axb4 Bc4 27. bxc5 Rxc5 28. Kd4 Rc8 29. Kc3 h5 30. Kb4 g6 31. h4 Kf6 32. g3 Re8 33. Re1 Rd8 34. Rcd1 Ra8 35. Ra1 Rd8 36. Rad1 Ra8 37. Ra1 Rd8 38. Rad1 1/2-1/2

[Event "SixDays Budapest IM-B January 2024"]
[Site "Budapest"]
[Date "2024.02.01"]
[Round "9.3"]
[White "Srinath, Rao S.V."]
[Black "Ihnat, Marek"]
[Result "1/2-1/2"]
[ECO "B22"]
[WhiteElo "2260"]
[BlackElo "2111"]
[Annotator "ChessBase"]
[PlyCount "77"]
[EventDate "2024.01.26"]
[EventType "tourn"]
[EventCountry "HUN"]
[SourceTitle "playchess.com"]
[Source "ChessBase"]
[SourceQuality "1"]
[TimeControl "5400+30"]

1. e4 c5 2. c3 d5 3. exd5 Qxd5 4. d4 g6 5. Nf3 Bg7 6. Na3 cxd4 7. Nb5 Na6 8. Nbxd4 Nf6 9. Be2 O-O 10. O-O Nc5 11. c4 Qd8 12. h3 a6 13. Be3 Qc7 14. b4 Ne6 15. Rc1 Nf4 16. Qb3 Nxe2+ 17. Nxe2 e5 18. Nc3 Bf5 19. Rfe1 Rac8 20. g4 Be6 21. Nd5 Bxd5 22. cxd5 Qd7 23. Bc5 Rfe8 24. Rcd1 e4 25. Nd2 Qxd5 26. Qxd5 Nxd5 27. Nxe4 Rxe4 28. Rxe4 Nc3 29. Ree1 Nxd1 30. Rxd1 Bf8 31. Bxf8 Kxf8 32. Rd7 Rc1+ 33. Kg2 Ra1 34. Rxb7 Rxa2 35. h4 h6 36. Kg3 Kg7 37. Rb6 Ra1 38. f3 a5 39. bxa5 1/2-1/2

[Event "SixDays Budapest IM-B January 2024"]
[Site "Budapest"]
[Date "2024.02.01"]
[Round "9.4"]
[White "Egresi, Mate"]
[Black "Nemitz, Alfred"]
[Result "1/2-1/2"]
[ECO "C77"]
[WhiteElo "2389"]
[BlackElo "2223"]
[Annotator "ChessBase"]
[PlyCount "96"]
[EventDate "2024.01.26"]
[EventType "tourn"]
[EventCountry "HUN"]
[SourceTitle "playchess.com"]
[Source "ChessBase"]
[SourceQuality "1"]
[TimeControl "5400+30"]

1. e4 e5 2. Nf3 Nc6 3. Bb5 a6 4. Ba4 Nf6 5. d3 d6 6. c3 Be7 7. O-O O-O 8. Re1 b5 9. Bc2 Bb7 10. Nbd2 Re8 11. Nf1 Bf8 12. Ng3 Ne7 13. d4 Ng6 14. Bd2 d5 15. Nxe5 Nxe4 16. Nxe4 dxe4 17. Bxe4 Bxe4 18. Rxe4 Qd5 19. Qf3 Rad8 20. Rae1 Nxe5 21. Rxe5 Rxe5 22. Rxe5 Qxa2 23. Bc1 b4 24. g3 Qb1 25. Re1 a5 26. Qc6 bxc3 27. bxc3 Qb6 28. Qc4 Ra8 29. Qa4 h6 30. Bf4 c6 31. Ra1 Qb2 32. Rd1 Qxc3 33. Rc1 Qf3 34. Rxc6 Bb4 35. Rc1 Qd5 36. Be3 Rb8 37. Qc6 Qxc6 38. Rxc6 Ra8 39. Rc4 Bf8 40. Ra4 Bb4 41. Kf1 Kf8 42. Ke2 Ke7 43. Bd2 Bxd2 44. Kxd2 Kd6 45. Kd3 Kd5 46. h4 Ra7 47. f3 g6 48. Kc3 Ra8 1/2-1/2

[Event "SixDays Budapest IM-B January 2024"]
[Site "Budapest"]
[Date "2024.02.01"]
[Round "9.5"]
[White "Varadi, Viktor"]
[Black "Mouhamad, Joachim"]
[Result "1-0"]
[ECO "B57"]
[WhiteElo "2368"]
[BlackElo "2316"]
[Annotator "ChessBase"]
[PlyCount "91"]
[EventDate "2024.01.26"]
[EventType "tourn"]
[EventCountry "HUN"]
[SourceTitle "playchess.com"]
[Source "ChessBase"]
[SourceQuality "1"]
[TimeControl "5400+30"]

1. e4 c5 2. Nf3 d6 3. d4 cxd4 4. Nxd4 Nf6 5. Nc3 Nc6 6. Bc4 Qb6 7. Nb3 e6 8. Bf4 Ne5 9. Be2 Bd7 10. g4 Bc6 11. f3 Be7 12. Qd2 O-O 13. Be3 Qc7 14. g5 Ne8 15. f4 Nd7 16. Nd4 a6 17. O-O-O b5 18. a3 Nc5 19. Nxc6 Qxc6 20. Rhf1 Rb8 21. f5 a5 22. f6 gxf6 23. gxf6 Nxf6 24. Bh6 Kh8 25. Bxf8 Rxf8 26. Bxb5 Qb7 27. Rde1 Ng4 28. Rg1 Rg8 29. Kb1 Rg6 30. Ref1 Kg7 31. Be2 Ne5 32. Bh5 a4 33. Bxg6 hxg6 34. Qd4 Bf6 35. Rxf6 Kxf6 36. Nxa4 Nxe4 37. Nc3 Nxc3+ 38. Qxc3 Ke7 39. Rd1 Qb8 40. a4 g5 41. a5 d5 42. b3 Nc4 43. Ka2 Nd6 44. Qg7 Ne4 45. Rf1 Qe8 46. a6 1-0